 Dungeon Crawl Stone Soup version 0.21.0 (webtiles) character file.

495 TheDeThijs the Cleaver (level 7, -3/60 HPs)
             Began as a Hill Orc Fighter on Jan 6, 2018.
             Was a Follower of Beogh.
             Slain by an ogre
             ... wielding a +0 giant club
              (27 damage)
             ... on level 3 of the Dungeon.
             The game lasted 00:14:50 (4189 turns).

TheDeThijs the Cleaver (Hill Orc Fighter)           Turns: 4189, Time: 00:14:50

Health: -3/60      AC:  8    Str: 24 (25) XL:     7   Next: 15%
Magic:  7/7        EV:  7    Int:  8      God:    Beogh [*.....]
Gold:   206        SH:  9    Dex:  9 (11) Spells: 6/6 levels left

rFire    + . .     SeeInvis .   a - +0 war axe
rCold    . . .     Gourm    .   c - +0 shield
rNeg     + . .     Faith    .   b - +1 scale mail
rPois    .         Spirit   .   (no helmet)
rElec    .         Reflect  .   (no cloak)
rCorr    .         Harm     .   (no gloves)
MR       .....                  (no boots)
Stlth    ..........             (no amulet)
HPRegen  0.20/turn              i - ring of protection from fire
MPRegen  0.10/turn              r - ring of positive energy

@: mighty
A: no striking features
a: Renounce Religion


You were on level 3 of the Dungeon.
You worshipped Beogh.
Beogh was aware of your devotion.
You were full.

You visited 1 branch of the dungeon, and saw 4 of its levels.

You collected 206 gold pieces.

Inventory:

Hand Weapons
 a - a +0 war axe (weapon)
Armour
 b - a +1 scale mail (worn)
 c - a +0 shield (worn)
Jewellery
 i - a ring of protection from fire (left hand)
 r - a ring of positive energy (right hand)
Wands
 h - a wand of random effects (27)
 p - a wand of paralysis (3)
Scrolls
 d - 2 scrolls of teleportation
 e - 4 scrolls of identify
 g - a scroll of remove curse
 j - a scroll of enchant armour
 k - a scroll of blinking
Comestibles
 f - 2 rations


   Skills:
 + Level 4.7 Fighting
 * Level 8.4 Axes
 - Level 4.1 Armour
 - Level 4.0 Shields


You had 6 spell levels left.
You didn't know any spells.

Dungeon Overview and Level Annotations

Branches:
Dungeon (4/15)
 Temple: D:4-7

Altars:


Message History

You are too injured to fight recklessly!
A hound skeleton comes into view.
You see here 16 stones.
Found a short sword.
The ogre closely misses you.
There is a stone staircase leading down here.
Things that are here:
a dagger; 5 tomahawks of returning; an orc corpse
There is a stone staircase leading up here.
There is a stone staircase leading up, spattered with blood here.
The ogre hits you with a giant club!
You climb upwards.
There is a stone staircase leading down here.
You are too injured to fight recklessly!
You are too injured to fight recklessly!
You feel very mighty all of a sudden.
You slash the ogre!
The ogre is heavily wounded.
The ogre hits you with a giant club!!
You die...

#.....).......#.#.......#
#.#..........#(.#.......#
####.##...##...#().........#
#....###########..##########
###.#### ######.()## #...#
#........# #.### #........#
...# #........# ...#
#.....@O.# ...# #........#
#### #........# #........#
##########


You could see an ogre.

Vanquished Creatures
  An ogre (D:4)
  A bullfrog (D:3)
  Crazy Yiuf (D:2)
  An iguana (D:3)
  3 worker ants
  2 hound skeletons (D:4)
  6 adders
  A howler monkey skeleton (D:4)
  2 oozes
  2 adder skeletons (D:4)
  2 worms (D:2)
  2 dart slugs
  3 leopard geckos
  20 orcs
  A ball python (D:4)
  3 bats
  2 giant cockroaches
  6 goblins
  9 hobgoblins
  2 jackals (D:3)
  4 kobolds
  2 quokkas
  10 frilled lizards
  15 rats
101 creatures vanquished.

Vanquished Creatures (others)
  2 orcs (D:3)
2 creatures vanquished.

Grand Total: 103 creatures vanquished

Notes
Turn   | Place    | Note
-------+----------+-------------------------------------------
     0 | D:1      | TheDeThijs the Hill Orc Fighter began the quest for the Orb.
     0 | D:1      | Reached XP level 1. HP: 19/19 MP: 1/1
   216 | D:1      | Reached XP level 2. HP: 27/27 MP: 2/2
   265 | D:1      | Reached skill level 3 in Axes
   672 | D:2      | Reached XP level 3. HP: 24/33 MP: 3/3
   790 | D:1      | Reached skill level 4 in Axes
  1098 | D:2      | Reached XP level 4. HP: 39/40 MP: 4/4
  1219 | D:2      | Found a faded altar of an unknown god.
  1591 | D:2      | Found a runed door.
  1595 | D:2      | Noticed Crazy Yiuf
  2124 | D:2      | Killed Crazy Yiuf
  2124 | D:2      | Reached skill level 5 in Axes
  2173 | D:3      | Reached XP level 5. HP: 28/46 MP: 5/5
  2446 | D:3      | Reached skill level 6 in Axes
  2526 | D:3      | Became a worshipper of Beogh the Brigand
  2593 | D:3      | Reached XP level 6. HP: 52/52 MP: 6/6
  3181 | D:4      | Reached skill level 7 in Axes
  3690 | D:4      | Reached skill level 8 in Axes
  3690 | D:4      | Reached XP level 7. HP: 44/60 MP: 7/7
  3708 | D:4      | Reached * piety under Beogh
  4189 | D:3      | Slain by an ogre

Skill      XL: |  1  2  3  4  5  6 |
---------------+-------------------+-----
Axes           | 3 4 5 6 8 |  8.4
Fighting       | 4 |  4.7
Armour         | 4 |  4.1
Shields        | 4 |  4.0

Action                   |  1- 3 |  4- 6 |  7- 9 || total
-------------------------+-------+-------+-------++-------
Melee: War axe           |   136 |   189 |    48 ||   373
Invok: Convert to Beogh  |       |     1 |       ||     1
  Use: Potion            |     1 |     7 |     1 ||     9
       Scroll            |       |       |     7 ||     7
 Stab: Invisible         |     1 |       |       ||     1
  Eat: Chunk             |     1 |     2 |       ||     3
       Ration            |       |     2 |     2 ||     4
Armor: Scale mail        |    58 |    77 |    24 ||   159
Dodge: Dodged            |    42 |    65 |    10 ||   117
Block: Shield            |    65 |    98 |    14 ||   177
